 Dungeon Crawl Stone Soup version 0.25.0-11-g1f837a76a1 (webtiles) character file.

Game seed: 13638694056381934480

670 dvd2 the Cudgeler (level 7, -1/41 HPs)
             Began as a Gargoyle Gladiator on June 26, 2020.
             Splashed by Ijyb's acid (10 damage)
             ... on level 3 of the Dungeon.
             The game lasted 00:07:23 (2763 turns).

dvd2 the Cudgeler (Gargoyle Gladiator)              Turns: 2763, Time: 00:07:25

Health: -1/41      AC:  8    Str: 25    XL:     7   Next: 58%
Magic:  0/7        EV: 13    Int:  8    God:
Gold:   144        SH:  0    Dex: 12    Spells: 6/6 levels left

rFire    . . .     SeeInvis .   k - +1 mace (vorpal)
rCold    + . .     Gourm    .   (no shield)
rNeg     + . .     Faith    .   z - +0 troll leather armour {Purgy}
rPois    ∞         Spirit   +   c - +0 helmet
rElec    +         Reflect  .   r - +1 cloak
rCorr    .         Harm     .   (no gloves)
MR       .....                  (no boots)
Stlth    +.........             B - amulet of guardian spirit
HPRegen  0.53/turn              i - ring of protection from cold
MPRegen  0.10/turn              o - +6 ring of strength

@: corroded
A: negative energy resistance 1, electricity resistance, unbreathing,
petrification resistance, rot immunity, AC +4
a: no special abilities


You were on level 3 of the Dungeon.
You were not hungry.

You visited 1 branch of the dungeon, and saw 3 of its levels.
You also visited: Sewer.

You collected 144 gold pieces.

Inventory:

Hand Weapons
 a - a +0 flail
 h - a +0 hand axe
 k - a +1 vorpal mace (weapon)
 q - a +3 quarterstaff of chaos
Missiles
 d - a throwing net (quivered)
Armour
 c - a +0 helmet (worn)
 j - a +0 ring mail
 r - a +1 cloak (worn)
 y - a +0 chain mail
 z - a +0 troll leather armour (worn) {Purgy}
Jewellery
 i - a ring of protection from cold (left hand)
 o - a +6 ring of strength (right hand)
 x - an uncursed amulet of faith
 B - an amulet of guardian spirit (around neck)
Wands
 p - a wand of random effects (8)
Scrolls
 b - a scroll of remove curse {unknown}
 e - a scroll of fog {unknown}
 l - a scroll of immolation {unknown}
 m - a scroll of blinking {unknown}
 n - a scroll of identify {unknown}
 s - a scroll of fear {unknown}
 u - a scroll of enchant weapon {unknown}
 v - a scroll of random uselessness {unknown}
 w - a scroll of amnesia {unknown}
Potions
 t - a potion of brilliance {unknown}
 A - a potion of flight {unknown}
Comestibles
 f - 5 rations


   Skills:
 + Level 3.5 Fighting
 + Level 6.2 Maces & Flails
 + Level 2.0 Throwing
 + Level 3.2 Armour
 + Level 3.8 Dodging
 + Level 1.3 Stealth
 + Level 0.4 Evocations


You had 6 spell levels left.
You didn't know any spells.
Your spell library was empty.

Dungeon Overview and Level Annotations

Branches:
Dungeon (3/15)              Sewer (visited)

Altars:
Wu Jian

Annotations:
D:3 Ijyb


Innate Abilities, Weirdness & Mutations

You are resistant to torment.
Your stone body is resilient. (AC +4)
You are immune to poison.
You resist negative energy. (rN+)
You are resistant to electric shocks. (rElec)
You can survive without breathing.
You are immune to petrification.
You are immune to rotting.


Message History

You hit the worm.
The worm is heavily wounded.
The worm barely misses you.
You barely miss the worm.
The worm is heavily wounded.
You hit the worm.
The worm is heavily wounded.
The worm bites you but does no damage.
You sock the worm!
You kill the worm!
Ijyb zaps a wand.
The bolt of acid hits you! The acid corrodes you!
You are splashed with acid!
You hit the hobgoblin but do no damage.
Ijyb zaps a wand.
The bolt of acid hits the hobgoblin!
The hobgoblin is splashed with acid.
The acid corrodes the hobgoblin!
The hobgoblin dies!
The bolt of acid hits you!!
* * * LOW HITPOINT WARNING * * *
You are splashed with acid!
You die...

......#.# ####.......#.#
........... #..gg.# ## #..#
..# ##..###########
#.#####..wgg...wg...#
#.##.........###)##.#
.....#...#.#.# #@##.# #
#.#......##..###.##<###.#
.....#...###....).<....#
.....#...###..##.##....####
#..........#...#..#........
#.#..##..#.#).#...#....####
..#..##..#.#...#....####
..#..........#.#..#.#
≈#..............T...# #.###


You could see Ijyb and a dart slug.

Vanquished Creatures
  Grinder (D:3)
  A hungry ghost (D:2)
  Purgy (D:2)
  A crocodile (Sewer)
  Crazy Yiuf (D:2)
  Jessica (D:2)
  A gnoll (D:1)
  2 adders
  An ooze (D:2)
  3 worms
  A dart slug (D:1)
  A leopard gecko (D:3)
  6 orcs (D:3)
  A ball python (D:1)
  7 bats
  2 giant cockroaches
  7 goblins
  11 hobgoblins
  7 jackals
  5 frilled lizards
  6 kobolds
  9 rats
76 creatures vanquished.

Vanquished Creatures (others)
  A hobgoblin (D:3)
1 creature vanquished.

Grand Total: 77 creatures vanquished

Notes
Turn   | Place    | Note
-------+----------+-------------------------------------------
     0 | D:1      | dvd2 the Gargoyle Gladiator began the quest for the Orb.
     0 | D:1      | Reached XP level 1. HP: 12/12 MP: 1/1
   127 | D:1      | Reached XP level 2. HP: 10/17 MP: 2/2
   341 | D:1      | Reached XP level 3. HP: 21/21 MP: 3/3
   757 | D:2      | Found a runed translucent door.
   758 | D:2      | Noticed Crazy Yiuf
   776 | D:2      | Killed Crazy Yiuf
   776 | D:2      | Reached XP level 4. HP: 26/27 MP: 4/4
   977 | D:2      | Reached skill level 4 in Maces & Flails
  1210 | D:2      | Found an ornate altar of the Wu Jian Council.
  1211 | D:2      | Noticed Jessica
  1221 | D:2      | Killed Jessica
  1221 | D:2      | Reached skill level 1 in Armour
  1333 | D:2      | Reached XP level 5. HP: 29/31 MP: 5/5
  1985 | D:3      | Noticed a hungry ghost
  1986 | D:3      | Noticed Grinder
  1986 | D:3      | Paralysed by Grinder for 4 turns
  2000 | D:3      | Noticed Purgy
  2034 | D:2      | Killed a hungry ghost
  2034 | D:2      | Reached XP level 6. HP: 20/36 MP: 6/6
  2177 | D:2      | Killed Purgy
  2177 | D:2      | Reached skill level 5 in Maces & Flails
  2177 | D:2      | Reached skill level 1 in Stealth
  2410 | D:3      | Found a glowing drain.
  2419 | Sewer    | Entered a sewer
  2496 | Sewer    | Reached XP level 7. HP: 29/41 MP: 7/7
  2684 | D:3      | Killed Grinder
  2684 | D:3      | Reached skill level 6 in Maces & Flails
  2741 | D:3      | Noticed Ijyb
  2763 | D:3      | Splashed by Ijyb's acid

Illustrated notes

Levels and vault maps discovered:
D:1:      dpeg_arrival_round_a, layout_basic
D:2:      cheibrodos_helix_gallery, layout_rooms, old_standard_altar,
          serial_co_window_serial, co_window_of_opportunity_a,
          co_window_paths_a, co_window_of_opportunity_a, co_window_paths_b,
          co_window_paths_a, co_window_paths_a, co_window_paths_a,
          co_window_paths_c, co_window_cross_3, co_window_2corner,
          co_window_corner_cb, co_window_cross_3, co_window_4corner_b,
          glass_columns_c, glass_columns_b, glass_columns_b, glass_columns_a,
          supply_closet_lemuel, uniq_jessica, uniq_crazy_yiuf_cottage
D:3:      layout_loops_ring, portal_sewer_entry_d, kennysheep_generic_room_16,
          uniq_grinder, uniq_ijyb, uniq_purgy

Skill      XL: |  1  2  3  4  5  6  7 |
---------------+----------------------+-----
Dodging        | 3 |  3.8
Maces & Flails | 4 5 6 |  6.2
Throwing       | 2 |  2.0
Armour         | 1 2 3 |  3.2
Fighting       | 3 |  3.5
Stealth        | 1 |  1.3
Evocations     | |  0.4

Action                   |  1- 3 |  4- 6 |  7- 9 || total
-------------------------+-------+-------+-------++-------
Melee: Flail             |     9 |       |       ||     9
       Mace              |    56 |   175 |    38 ||   269
Throw: Throwing net      |     1 |     1 |     1 ||     3
Evoke: Wand              |       |       |     8 ||     8
  Eat: Chunk             |       |    13 |     1 ||    14
Armor: Leather armour    |     7 |       |       ||     7
       Ring mail         |    21 |    75 |       ||    96
       Skin              |     7 |       |       ||     7
       Troll leather arm |       |    18 |    12 ||    30
Dodge: Dodged            |    36 |   117 |    10 ||   163
